 Dungeon Sprint DCSS version 0.24.0-41-g2ae2f7f1be (webtiles) character file.

Game seed: 17363282152571044162, levelgen mode: deterministic

0 McKennaii the Skirmisher (level 1, 18/18 HPs)
             Began as a Demonspawn Fighter on Dec 10, 2019.
             Got out of the dungeon alive.
             The game lasted 00:00:57 (39 turns).

McKennaii the Skirmisher (Demonspawn Fighter)         Turns: 39, Time: 00:00:57

Health: 18/18      AC:  6    Str: 24    XL:     1   Next: 91%
Magic:  2/10       EV:  7    Int: 11    God:
Gold:   20         SH: 10    Dex: 18    Spells: 0/0 levels left

rFire    . . .     SeeInvis .   a - +0 war axe
rCold    . . .     Gourm    .   c - +0 shield
rNeg     . . .     Faith    .   b - +0 scale mail
rPois    +         Spirit   .   (no helmet)
rElec    .         Reflect  .   (no cloak)
rCorr    .         Harm     .   (no gloves)
MR       .....     NoTele   +   (no boots)
Stlth    ..........             p - amulet "Cankukki" {Acrobat MP+9}
HPRegen  0.06/turn              q - ring "Upumyh" {rPois Str+8 Int+2 Dex+4 Slay-5}
MPRegen  0.12/turn              s - ring "Hiopiyno" {Dex+2 Slay-2} (curse)

@: no status effects
A: no striking features
a: no special abilities


You escaped.
You were not hungry.

You visited 1 branch You collected 200 gold pieces.
You spent 180 gold pieces at shops.

Inventory:

Hand Weapons
 a - a +0 war axe (weapon)
Armour
 b - a +0 scale mail (worn)
 c - a +0 shield (worn)
Jewellery
 p - the amulet "Cankukki" (around neck) {Acrobat MP+9}
   (You bought it in a shop in the Dungeon)

   [amulet of the acrobat]

   It helps you evade while moving and waiting.
   It affects your magic capacity (+9).
 q - the ring "Upumyh" (left hand) {rPois Str+8 Int+2 Dex+4 Slay-5}
   (You bought it in a shop in the Dungeon)

   [ring of intelligence]

   It affects your strength (+8).
   It affects your intelligence (+2).
   It affects your dexterity (+4).
   It affects your accuracy and damage with ranged weapons and melee attacks
   (-5).
   It protects you from poison.
 r - the ring "Ehiwuoma" {Fire rElec Int+3}
   (You bought it in a shop in the Dungeon)

   [ring of fire]

   It enhances your fire magic.
   It affects your intelligence (+3).
   It protects you from fire.
   It makes you vulnerable to cold.
   It insulates you from electricity.
 s - the cursed ring "Hiopiyno" (right hand) {Dex+2 Slay-2}
   (You bought it in a shop in the Dungeon)

   [ring of slaying]

   It affects your dexterity (+2).
   It affects your accuracy and damage with ranged weapons and melee attacks
   (-2).
   It has a curse placed upon it.
Wands
 m - a wand of acid (5)
 n - a wand of iceblast (5)
Scrolls
 k - 4 scrolls of blinking
 o - 3 scrolls of fog
Potions
 d - a potion of might
 e - a potion of curing
 g - 4 potions of heal wounds
 h - 4 potions of haste
 i - 2 potions of magic
 j - a potion of berserk rage
 l - a potion of resistance
Comestibles
 f - a ration


   Skills:
 + Level 3.5 Fighting
 * Level 2.0 Axes
 + Level 3.3 Armour
 + Level 0.1 Dodging
 + Level 3.3 Shields


You couldn't memorise any spells.
You didn't know any spells.
Your spell library was empty.

Dungeon Overview and Level Annotations

Branches:
Dungeon (1/1)

Altars:
Cheibriados
Kikubaaqudgha
Qazlal
Ru
Wu Jian
Xom
The Shining One

Shops:
D *[%?


Message History

s - the cursed ring "Hiopiyno" (right hand) {Dex+2 Slay-2}
Okay, then.
Welcome back, McKennaii the Demonspawn Fighter.
Press ? for a list of commands and other information.
Unknown command.
Unknown command.
Found an ancient bone altar of Kikubaaqudgha.
An ufetubus comes into view.
Your amulet attunes itself to your body.
You feel like doing cartwheels.
The ufetubus shouts!
There is a staircase leading out of the dungeon here.
Are you sure you want to leave the Dungeon?
This will make you lose the game!
Alright, then stay!
An ufetubus is nearby!
An ufetubus is nearby!
An ufetubus is nearby!
Are you sure you want to leave the Dungeon?
This will make you lose the game!
The ufetubus hits you but does no damage.
The ufetubus closely misses you.
You have escaped!

#_.......
###.........###
#⌠........ ..⌠#
######.8...... ..8.#
##∩__.......# .....
###∩........8.# .8....
#.............###......
#⌠..........###5..#
#⌠..........# #.@.#
#⌠..........# #...#
##.............###..
###∩........8. .8..
##∩_._......# ......
######.8.... ..8.#
#⌠.... ...⌠# ###. .###


You could see an ufetubus.

Vanquished Creatures
  A shadow imp (D)
1 creature vanquished.

Notes
Turn   | Place    | Note
-------+----------+-------------------------------------------
     0 | D        | McKennaii the Demonspawn Fighter began the quest for the
                  | Orb.
     0 | D        | Reached XP level 1. HP: 18/18 MP: 1/1
     0 | D        | Found a glowing golden altar of the Shining One.
     5 | D        | Found a shimmering altar of Xom.
     5 | D        | Found a snail-covered altar of Cheibriados.
     5 | D        | Round 1.
     6 | D        | Found a sacrificial altar of Ru.
     6 | D        | Found an ornate altar of the Wu Jian Council.
     7 | D        | Found Siydghong's Delicious Food.
     7 | D        | Found a stormy altar of Qazlal.
     7 | D        | Found Wehak's Identification Station.
     8 | D        | Found Kasumn's Jewellery.
     8 | D        | Found Peran's Advanced Armour.
    20 | D        | Bought a scorched graven amulet for 45 gold pieces
    20 | D        | Bought a translucent steel ring for 45 gold pieces
    20 | D        | Bought a brightly glowing amber ring for 45 gold pieces
    20 | D        | Bought a bound turquoise ring for 45 gold pieces
    20 | D        | Identified the amulet "Cankukki" {Acrobat MP+9} (You bought
                  | it in a shop in the Dungeon)
    21 | D        | Identified the ring "Upumyh" {rPois Str+8 Int+2 Dex+4
                  | Slay-5} (You bought it in a shop in the Dungeon)
    22 | D        | Identified the ring "Ehiwuoma" {Fire rElec Int+3} (You
                  | bought it in a shop in the Dungeon)
    24 | D        | Identified the cursed ring "Hiopiyno" {Dex+2 Slay-2} (You
                  | bought it in a shop in the Dungeon)
    30 | D        | Found an ancient bone altar of Kikubaaqudgha.
    39 | D        | Got out of the dungeon alive.

Levels and vault maps discovered:
D:        arena_sprint

Skill      XL: |  1 |
---------------+----+-----
Axes           | 2 |  2.0
Armour         | 3 |  3.3
Shields        | 3 |  3.3
Fighting       | |  3.5
Dodging        | |  0.1

Action                   || total
-------------------------++-------
Melee: War axe           ||     4
Armor: Scale mail        ||     2
Dodge: Dodged            ||     2
Block: Shield            ||     2
